 Dungeon Crawl Stone Soup version 0.30.0-29-ga12c61a403 (webtiles) character file.

Game seed: 17501567751065858719

9403 Sabo the Cruncher (level 11, -3/87 HPs)
             Began as a Formicid Monk on June 23, 2023.
             Was a High Priest of Makhleb.
             Slain by a troll (10 damage)
             ... on level 1 of the Orcish Mines.
             The game lasted 00:57:50 (11451 turns).

Sabo the Cruncher (Formicid Monk)                  Turns: 11451, Time: 00:57:50

Health: -3/87      AC: 16    Str: 26    XL:     11   Next: 73%
Magic:  12/12      EV: 15    Int: 16    God:    Makhleb [*****.]
Gold:   587        SH:  0    Dex: 22    Spells: 10/10 levels left

rFire   . . .        q - +9 quarterstaff "Buepp" {venom, Int+6}
rCold   . . .        d - orb {light}
rNeg    . . .        v - +4 ring mail
rPois   .            (helmet unavailable)
rElec   +            h - +2 cloak
rCorr   .            C - +1 pair of gloves of the Spheres {rElec}
SInv    +            (no boots)
Will    +....        (no amulet)
Stlth   +            u - +6 ring of strength
HPRegen 0.34/turn    b - +6 ring of dexterity
MPRegen 0.13/turn

%: no passive effects
@: glowing
A: permanent stasis, dig shafts and tunnels, antennae 3, four strong arms
a: Dig, Shaft Self, Renounce Religion, Minor Destruction, Lesser Servant of
Makhleb, Major Destruction, Greater Servant of Makhleb


You were on level 1 of the Orcish Mines.
You worshipped Makhleb.
Makhleb was extremely pleased with you.
You visited 2 branches of the dungeon, and saw 10 of its levels.
You also visited: Bailey.

You collected 587 gold pieces.

Inventory:

Hand Weapons
 e - a +4 quarterstaff of chaos
 f - a +5 war axe
 n - a +0 arbalest
 q - the +9 quarterstaff "Buepp" (weapon) {venom, Int+6}
   (You found it on level 6 of the Dungeon)

   Int:       It affects your intelligence (+6).
 A - a +3 short sword of freezing
 E - a +5 halberd
Missiles
 l - 23 poisoned darts
 t - 3 throwing nets
Armour
 d - an orb of light (worn)
 g - +0 fire dragon scales
 h - a +2 cloak (worn)
 v - a +4 ring mail (worn)
 B - a +0 plate armour of cold resistance
 C - the +1 pair of gloves of the Spheres (worn) {rElec}
   (You found it in a bailey)

   rElec:     It insulates you from electricity.
Jewellery
 a - a ring of protection from cold
 b - a +6 ring of dexterity (right hand)
 j - a ring of wizardry
 u - a +6 ring of strength (left hand)
 x - a +6 ring of strength
 D - a +4 ring of slaying
Wands
 s - a wand of light (6)
Scrolls
 k - 4 scrolls of fog
 m - 3 scrolls of fear
 y - 2 scrolls of poison
Potions
 c - a potion of might {unknown}
 i - a potion of cancellation {unknown}
 o - a potion of flight {unknown}
 p - 8 potions of curing
 r - 3 potions of heal wounds
 w - a potion of magic {unknown}
 z - a potion of mutation {unknown}
 F - a potion of lignification {unknown}


   Skills:
 + Level 8.4 Fighting
 + Level 9.3 Axes
 + Level 9.8 Staves
 + Level 1.8 Ranged Weapons
 + Level 7.2 Armour
 + Level 5.8 Dodging
 + Level 3.2 Stealth
 + Level 1.5 Invocations


You had 10 spell levels left.
You didn't know any spells.
Your spell library contained the following spells:

 Spells                   Type           Power      Damage    Failure   Level
 Kiss of Death            Conj/Necr      0%         2d5       34%         1
 Lesser Beckoning         Tloc           0%         N/A       47%         2
 Momentum Strike          Conj/Tloc      0%         3d8       47%         2
 Confusing Touch          Hex            0%         N/A       71%         3
 Gell's Gravitas          Tloc           0%         N/A       71%         3
 Teleport Other           Tloc           0%         N/A       71%         3
 Tukima's Dance           Hex            0%         N/A       71%         3
 Anguish                  Hex/Necr       0%         N/A       98%         4
 Cause Fear               Hex            0%         N/A       98%         4
 Dispel Undead            Necr           0%         3d6       98%         4
 Passage of Golubria      Tloc           0%         N/A       98%         4
 Yara's Violent Unravell  Hex/Tmut       0%         3d3       100%        5
 Enfeeble                 Hex            0%         N/A       100%        7
 Blink                    Tloc           Unusable   N/A       N/A         2

Dungeon Overview and Level Annotations

Branches:
Dungeon (9/15)             Temple (0/1) D:6            Lair (0/5) D:9
    Orc (1/2) D:9          Bailey (visited)

Altars:
Fedhas
Kikubaaqudgha
Makhleb
Ru
Xom
The Shining One

Shops:
D:7 :


Innate Abilities, Weirdness & Mutations

You cannot be hasted, slowed, berserked, paralysed or teleported.
You can dig through walls and to a lower floor.
You have a pair of large antennae on your head. (SInv)
Your four strong arms can wield two-handed weapons with a shield.


Message History

The orc wizard closely misses you.
You hit the warg.
The warg is almost dead.
The warg bites you but does no damage.
You thump the warg!
You kill the warg!
Makhleb accepts your kill.
You feel better. The troll barely misses you.
The troll claws you but does no damage. The troll barely misses you.
The ogre hits you with a +0 giant club!
You hit the orc wizard.
The orc wizard is moderately wounded.
The orc priest miscasts a cantrip.
The orc wizard mumbles some strange words.
The orc wizard flickers and vanishes for a moment.
The troll bites you. The troll misses you. The troll barely misses you.
The orc wizard gestures at you while chanting.
The magic dart hits you but does no damage.
The orc hits you with a +0 flail!
You hear a shout! x2
You thump the orc wizard!
You kill the orc wizard!
Makhleb accepts your kill.
You feel better.
The orc priest begins to cast a cantrip, but forgets the words!
An orc warrior comes into view. It is wielding a +0 dire flail.
An orc sorcerer comes into view. It is wielding a +0 dagger.
An orc priest comes into view. It is wielding a +0 club.
The troll closely misses you. The troll claws you! The troll misses you.
The ogre hits you with a +0 giant club!
* * * LOW HITPOINT WARNING * * *
There is a staircase back to the Dungeon, spattered with blood here.
Things that are here:
a +0 dagger; a +0 robe; a warg corpse The ogre barely misses you.
The orc priest completely misses you.
The orc sorcerer mumbles some strange words.
The troll bites you!
* * * LOW HITPOINT WARNING * * *
The troll claws you!
You die...

....## .......##
.........
......4..
.......o# ###
........+ ...###
._.$...o#+#.....#
.......OT........
.....$oo@.).#.#.
...o...oo.$..#
....#..#o##.##
..$....#.# ..#
.......... .#
$.......... ..
.##........ ..
##.....#.. ##.


You could see an orange demon (summoned), a troll, an orc sorcerer, an orc
warrior, an ogre, 3 orc priests, an orc wizard (invisible) and 2 orcs.

Vanquished Creatures
  3 death yaks (D:9)
  An orc knight (Bailey)
  3 trolls
  A hornet (D:9)
  3 wyverns
  2 steam dragons
  Menkaure (D:4)
  An acid dragon (D:9)
  A warg (Orc:1)
  2 water moccasins
  A swamp drake (D:9)
  11 orc warriors
  4 ogres
  6 centaurs
  5 kobold brigands
  2 phantoms
  Blork the orc (D:6)
  4 gnoll sergeants
  3 scorpions
  4 bullfrogs
  12 wights
  4 killer bees (D:9)
  3 electric eels (D:7)
  A howler monkey (D:7)
  3 jellies
  5 orc priests
  A gnoll bouda (D:7)
  3 hounds
  Crazy Yiuf (D:4)
  2 sleepcaps
  3 iguanas
  5 orc wizards
  A hell rat (D:9)
  4 adders
  12 gnolls
  2 river rats (D:9)
  A shadow imp (D:8)
  A white imp (D:6)
  An ufetubus (D:5)
  10 dart slugs
  43 orcs
  6 ball pythons
  An endoplasm (D:1)
  5 giant cockroaches
  9 goblins
  6 hobgoblins
  6 quokkas
  5 bats
  2 frilled lizards
  23 kobolds
  2 rats (D:2)
242 creatures vanquished.

Vanquished Creatures (others)
  A frilled lizard (D:2)
1 creature vanquished.

Grand Total: 243 creatures vanquished

Notes
Turn   | Place    | Note
-------+----------+-------------------------------------------
     0 | D:1      | Sabo the Formicid Monk began the quest for the Orb.
     0 | D:1      | Reached XP level 1. HP: 18/18 MP: 1/1
   408 | D:1      | Reached XP level 2. HP: 24/24 MP: 2/2
   556 | D:1      | Found a faded altar of an unknown god.
  1355 | D:2      | Reached XP level 3. HP: 26/30 MP: 3/3
  2490 | D:3      | Reached XP level 4. HP: 30/37 MP: 4/4
  3031 | D:3      | Found a burning altar of Makhleb.
  3031 | D:3      | Found an ancient bone altar of Kikubaaqudgha.
  3033 | D:3      | Found a glowing golden altar of the Shining One.
  3033 | D:3      | Found a shimmering altar of Xom.
  3043 | D:3      | Became a worshipper of Makhleb the Destroyer
  3043 | D:3      | Reached * piety under Makhleb
  3043 | D:3      | Reached ** piety under Makhleb
  3146 | D:4      | Noticed a phantom
  3163 | D:4      | Killed a phantom
  3164 | D:4      | Reached skill level 1 in Armour
  3164 | D:4      | Reached XP level 5. HP: 38/42 MP: 5/5
  3752 | D:4      | Reached skill level 1 in Stealth
  3752 | D:4      | Noticed Menkaure
  3761 | D:4      | Killed Menkaure
  3762 | D:4      | Reached XP level 6. HP: 12/49 MP: 6/6
  4152 | D:4      | Found a runed translucent door.
  4153 | D:4      | Noticed Crazy Yiuf
  4162 | D:4      | Killed Crazy Yiuf
  4163 | D:4      | Reached skill level 5 in Axes
  4283 | D:5      | Entered Level 5 of the Dungeon
  4362 | D:5      | Reached XP level 7. HP: 44/55 MP: 7/7
  4563 | D:5      | Noticed a water moccasin
  4681 | D:5      | Killed a water moccasin
  4682 | D:5      | Reached XP level 8. HP: 40/61 MP: 8/8
  4705 | D:5      | Reached skill level 5 in Fighting
  5265 | D:6      | Noticed Blork the orc
  5274 | D:6      | Killed Blork the orc
  5480 | D:6      | Found a staircase to the Ecumenical Temple.
  5603 | D:6      | Reached XP level 9. HP: 68/68 MP: 9/9
  5630 | D:6      | Identified the +9 quarterstaff "Buepp" {venom, Int+6}
  6170 | D:6      | Reached skill level 1 in Invocations
  6293 | D:7      | Reached skill level 1 in Staves
  6404 | D:7      | Reached *** piety under Makhleb
  6433 | D:7      | Found Biutwued's Book Boutique.
  7275 | D:7      | Reached skill level 5 in Armour
  7558 | D:7      | Reached XP level 10. HP: 71/77 MP: 11/11
  8167 | D:8      | Reached skill level 5 in Staves
  8572 | D:8      | Reached **** piety under Makhleb
  8596 | D:8      | Reached skill level 5 in Dodging
  8597 | D:8      | Found a sacrificial altar of Ru.
  8834 | D:9      | Found a flagged portal.
  8873 | Bailey   | Entered a bailey
  9193 | Bailey   | Identified the +0 ice dragon scales of Rationality {rPois
                  | rF- rC++ Str-3 Int+8}
  9193 | Bailey   | Noticed an orc knight
  9201 | Bailey   | Killed an orc knight
  9202 | Bailey   | Reached skill level 1 in Ranged Weapons
  9483 | Bailey   | Identified the +1 pair of gloves of the Spheres {rElec}
  9744 | D:9      | Noticed a death yak
  9762 | D:9      | Noticed a death yak
  9764 | D:9      | Killed a death yak
  9765 | D:9      | Reached XP level 11. HP: 53/84 MP: 12/12
  9766 | D:9      | Noticed a death yak
  9773 | D:9      | Killed a death yak
  9783 | D:9      | Killed a death yak
  9896 | D:9      | Found a staircase to the Lair.
 10698 | D:9      | Found a blossoming altar of Fedhas.
 10916 | D:9      | Reached ***** piety under Makhleb
 11083 | D:9      | Found a staircase to the Orcish Mines.
 11316 | Orc:1    | Entered Level 1 of the Orcish Mines
 11449 | Orc:1    | Noticed an orc sorcerer
 11451 | Orc:1    | Slain by a troll

Illustrated notes

Levels and vault maps discovered:
D:1:      evilmike_arrival_hilbert_curve, layout_basic, basic_ecumenical_altar,
          st_stairs_13, minmay_misc_feat_rows
D:2:      layout_loops_ring
D:3:      layout_loops_ring, mainiacjoe_overflow_alcove_3, serial_rivers,
          chequers_serial_rivers_micro_e, chequers_serial_rivers_small_b,
          chequers_serial_rivers_room_b, chequers_serial_rivers_large_b,
          chequers_serial_rivers_room_b, chequers_serial_rivers_small_a
D:4:      layout_loops_ring, uniq_menkaure, uniq_crazy_yiuf_cottage
D:5:      layout_rooms, nrook_pool_corridor, nicolae_elevator_lobby_asterisk
D:6:      layout_loops_ring, minmay_temple_entry_ruins, uniq_blork_the_orc
D:7:      kennysheep_slugbush, layout_rooms, serial_shops,
          nicolae_book_shop_shelving, chequers_serial_rivers_micro_c,
          grunt_ministairs_11, hangedman_decor_diamond_cutter
D:8:      layout_loops_ring, hangedman_ru_absence
D:9:      layout_basic, fedhas_ov_isle_minmay, dpeg_lair_monsters, erik_orc_1,
          enter_bailey_5, minmay_quadrilaterals
Orc:1:    layout_caves, basic_altar, serial_shops, nicolae_shop_behind_doors

Skill      XL: |  1  2  3  4  5  6  7  8  9 10 11 |
---------------+----------------------------------+-----
Dodging        | 3 4 5 |  5.8
Fighting       | 4 5 6 7 8 |  8.4
Axes           | 4 5 6 8 9 |  9.3
Armour         | 1 2 3 5 6 7 |  7.2
Stealth        | 1 2 3 |  3.2
Invocations    | 1 |  1.5
Staves         | 3 7 9 |  9.8
Ranged Weapons | 1 |  1.8

Action                     |  1- 3 |  4- 6 |  7- 9 | 10-12 || total
---------------------------+-------+-------+-------+-------++-------
  Melee: Hand axe          |    88 |    50 |       |       ||   138
         War axe           |       |    24 |   134 |       ||   158
         Quarterstaff      |       |       |    64 |   281 ||   345
   Fire: Arbalest          |       |       |       |    12 ||    12
 Invoke: Minor Destruction |       |       |     2 |       ||     2
    Use: Scroll            |     2 |     7 |     6 |     7 ||    22
         Potion            |       |     4 |       |     1 ||     5
   Stab: Sleeping          |       |       |       |     1 ||     1
 Armour: Robe              |    15 |       |       |       ||    15
         Leather armour    |     5 |     7 |    14 |       ||    26
         Ring mail         |       |    12 |    44 |   122 ||   178
         Chain mail        |       |       |    12 |       ||    12
  Dodge: Dodged            |    61 |    57 |   146 |   253 ||   517
